Map: Submarine LE

Players

Serral - Winner!

  • Race: Zerg Zerg
  • Spawn Location: 5:00

cure

  • Race: Terran Terran
  • Spawn Location: 11:00

Event: DreamHack SC2 Masters 2020 Summer Season Finals

VOD

Have the link to the VOD?

Description

Time

  • Played on: July 19, 2020, 11:10 a.m.
  • Length: 13:23

All games in this series

Show
View Real Time Build Order
Export as new Build Order

Serral Zerg - Winner!

Build Orders: Hatch First 

Get SALT Encoding   

  12  0:00  Drone  
  13  0:12  Overlord  
  13  0:17  Drone  
  14  0:31  Drone x2  
  16  0:47  Hatchery  
  15  0:51  Drone  
  15  0:54  Drone  
  17  0:57  Drone  
  18  1:08  Extractor  
  17  1:12  Spawning Pool  
  17  1:16  Drone  
  17  1:19  Drone  
  18  1:28  Drone  
  19  1:38  Drone  
  20  1:49  Overlord  
  20  1:59  Queen x2  
  20  2:00  Zergling x4  
  26  2:11  Drone x2  
  28  2:21  Drone  
  28  2:22  Drone  
  30  2:32  Hatchery  
  30  2:34  Drone  
  30  2:40  Drone  
  31  2:45  Drone  
  31  2:46  Drone  
  31  2:50  Roach Warren  
  31  2:57  Queen  
  33  3:00  Drone  
  33  3:02  Drone  
  35  3:08  Overlord  
  35  3:11  Overlord  
  35  3:23  Overlord  
  35  3:30  Roach x2  
  35  3:31  Roach x2  
  43  3:34  Roach  
  43  3:39  Roach x2  
  49  3:42  Roach  
  49  3:45  Roach  
  53  3:50  Drone x2  
  55  3:56  Drone  
  55  3:57  Drone x2  
  55  3:58  Drone  
  55  4:02  Metabolic Boost  
  59  4:03  Drone  
  59  4:07  Overlord  
  60  4:10  Drone  
  60  4:12  Drone  
  60  4:14  Drone  
  60  4:15  Drone  
  64  4:17  Ravager  
  64  4:19  Overlord  
  65  4:24  Overlord  
  65  4:29  Drone x4  
  67  4:31  Drone  
  67  4:33  Drone  
  67  4:37  Drone  
  67  4:38  Drone  
  71  4:42  Drone  
  71  4:45  Drone x4  
  65  4:48  Drone  
  65  4:49  Drone x2  
  65  4:51  Lair  
  62  4:57  Zergling x4  
  64  5:00  Spore Crawler  
  64  5:02  Spore Crawler  
  64  5:04  Spore Crawler, Queen  
  64  5:07  Zergling x4  
  65  5:08  Zergling x2  
  65  5:12  Extractor  
  65  5:13  Extractor x2  
  64  5:14  Zergling x4  
  64  5:20  Drone x6  
  71  5:23  Drone x2  
  71  5:27  Queen  
  75  5:31  Evolution Chamber, Drone  
  75  5:32  Evolution Chamber  
  75  5:34  Drone, Spore Crawler  
  75  5:35  Drone  
  74  5:37  Drone  
  75  5:43  Drone x4  
  75  5:46  Drone  
  77  5:50  Drone  
  77  5:52  Drone  
  77  5:55  Overseer  
  77  5:56  Drone x2  
  77  5:57  Drone x4  
  82  5:59  Drone  
  82  6:03  Baneling Nest  
  84  6:04  Zerg Melee Weapons Level 1  
  84  6:07  Zerg Ground Armor Level 1  
  84  6:08  Drone  
  84  6:11  Drone x2  
  85  6:19  Extractor  
  85  6:20  Overseer  
  85  6:21  Overseer  
  85  6:24  Overlord x2  
  84  6:28  Zergling x8  
  84  6:29  Zergling x2  
  84  6:31  Hatchery  
  88  6:34  Pneumatized Carapace  
  88  6:38  Zergling x4  
  90  6:44  Zergling x10  
  95  6:47  Centrifical Hooks  
  95  6:48  Zergling x8  
  95  6:53  Zergling x2  
  100  6:57  Zergling x2  
  100  6:58  Zergling x10  
  100  7:00  Overlord x2  
  105  7:07  Overlord  
  105  7:08  Overlord  
  103  7:18  Queen  
  103  7:19  Spore Crawler  
  103  7:21  Drone x5  
  103  7:22  Drone  
  109  7:35  Drone x2  
  111  7:39  Zergling x16  
  111  7:40  Baneling x7  
  111  7:41  Baneling x3, Hatchery  
  118  7:44  Queen  
  118  7:45  Infestation Pit  
  118  7:46  Drone x2  
  118  7:49  Zergling x4  
  123  7:55  Drone x2  
  123  7:59  Baneling x6  
  123  8:00  Baneling  
  123  8:01  Baneling x2  
  123  8:02  Baneling x4  
  123  8:05  Zerg Melee Weapons Level 2, Zerg Ground Armor Level 2  
  122  8:10  Hatchery  
  121  8:18  Drone  
  121  8:19  Drone x3  
  125  8:20  Drone  
  125  8:23  Overlord  
  125  8:24  Overlord  
  125  8:25  Hive  
  126  8:28  Zergling x12  
  132  8:35  Zergling x6  
  135  8:47  Zergling x2  
  135  8:48  Zergling x20  
  133  8:55  Baneling x10  
  127  9:01  Zergling x14  
  132  9:06  Baneling x9  
  132  9:10  Zergling x16  
  132  9:11  Zergling x10  
  143  9:25  Zergling x2  
  143  9:26  Zergling x12  
  150  9:31  Baneling x2  
  150  9:32  Queen, Zergling x8  
  150  9:37  Drone x2  
  150  9:38  Viper x2  
  158  9:46  Zergling x12  
  158  9:48  Overlord x5  
  164  9:53  Extractor  
  164  9:54  Adrenal Glands  
  162  10:01  Overlord  
  162  10:02  Overlord x2  
  162  10:09  Drone x2  
  162  10:10  Drone x2, Extractor  
  162  10:14  Drone  
  166  10:15  Drone x3, Spine Crawler x2  
  166  10:16  Zergling x10  
  166  10:18  Spore Crawler  
  166  10:20  Zergling x8  
  166  10:21  Zergling x8  
  173  10:26  Zerg Ground Armor Level 3, Zerg Melee Weapons Level 3  
  173  10:27  Zergling x10  
  178  10:33  Ultralisk Cavern  
  175  10:36  Zergling x10  
  175  10:40  Baneling  
  175  10:41  Baneling x9  
  179  10:49  Extractor  
  178  10:50  Drone x2  
  178  10:51  Drone  
  181  11:06  Zergling x18  
  181  11:07  Zergling x14  
  197  11:11  Baneling x11  
  197  11:12  Baneling  
  197  11:13  Overseer  
  197  11:17  Hatchery  
  189  11:21  Chitinous Plating  
  170  11:28  Zergling x26  
  170  11:29  Zergling x2  
  183  11:39  Spire  
  182  11:43  Ultralisk x2  
  182  11:45  Overlord  
  194  11:51  Drone  
  194  11:52  Drone x4  
  199  11:55  Baneling x2  
  199  11:59  Baneling x3  
  198  12:06  Zergling x26  
  190  12:24  Ultralisk, Zergling x8  
  192  12:37  Baneling x6  
  192  12:40  Anabolic Synthesis  
  184  12:45  Zergling x8  
  184  12:47  Baneling x23  
  200  12:52  Spine Crawler  
  200  12:54  Baneling x6, Spore Crawler, Extractor  
  200  12:57  Drone x3  
Show
View Real Time Build Order
Export as new Build Order

cure Terran 

Build Orders: Reaper Expand, Hellion Banshee 

Get SALT Encoding   

  12  0:00  SCV  
  13  0:13  SCV  
  14  0:17  Supply Depot  
  14  0:25  SCV  
  15  0:39  SCV  
  15  0:40  Barracks  
  16  0:43  Refinery  
  16  0:51  SCV  
  17  1:03  SCV  
  18  1:15  SCV  
  19  1:27  Orbital Command, Reaper  
  20  1:39  Command Center  
  20  1:47  Supply Depot  
  20  1:53  SCV  
  21  1:59  Marine  
  22  2:05  SCV  
  22  2:08  Factory  
  23  2:15  Refinery  
  23  2:17  SCV  
  23  2:20  Barracks Reactor  
  24  2:29  SCV  
  25  2:41  SCV  
  26  2:51  Orbital Command  
  26  2:52  Starport  
  26  2:54  SCV  
  27  3:01  Hellion x2  
  27  3:04  Barracks Tech Lab  
  31  3:06  SCV  
  31  3:12  Supply Depot  
  32  3:18  SCV  
  33  3:21  SCV  
  33  3:24  Hellion x2  
  38  3:30  SCV  
  38  3:34  SCV  
  40  3:35  Cloaking Field  
  40  3:36  Banshee  
  40  3:39  Marine  
  44  3:44  SCV  
  44  3:46  SCV  
  46  3:51  Supply Depot  
  46  3:52  Hellion x2  
  50  4:00  Barracks Tech Lab  
  50  4:01  SCV x2  
  52  4:04  Supply Depot  
  52  4:13  SCV x2  
  54  4:18  Banshee  
  54  4:19  Marauder  
  59  4:28  SCV x2  
  61  4:40  SCV x2  
  57  4:48  Command Center  
  57  4:50  Stimpack, Marine  
  54  4:54  SCV x2  
  54  5:02  Factory Reactor  
  54  5:04  Barracks  
  54  5:07  Barracks  
  54  5:08  Starport Reactor  
  54  5:10  SCV x2  
  54  5:11  Engineering Bay  
  54  5:13  Marine  
  57  5:21  Engineering Bay  
  57  5:23  SCV x2  
  57  5:25  Refinery  
  57  5:26  Refinery  
  60  5:35  SCV x2  
  60  5:37  Marine  
  62  5:47  SCV x2  
  58  5:51  Terran Infantry Weapons Level 1, Terran Infantry Armor Level 1  
  58  5:54  Marine  
  58  5:57  Marine x2  
  58  6:00  Siege Tank  
  58  6:02  Orbital Command, SCV x2  
  58  6:04  Marine x2  
  65  6:05  Medivac x2  
  71  6:15  SCV x2  
  71  6:17  Marine x2  
  75  6:19  Barracks  
  75  6:20  Orbital Command  
  75  6:21  Barracks  
  75  6:23  Marine  
  75  6:24  Marine x2  
  78  6:31  SCV x2  
  80  6:33  Combat Shield  
  80  6:34  Siege Tank  
  80  6:36  Marine x2  
  85  6:45  Supply Depot x2  
  85  6:55  Armory  
  85  7:06  Marine x3, SCV x3  
  85  7:07  Marine x2, Barracks Reactor  
  94  7:08  Siege Tank  
  94  7:10  Barracks Reactor  
  94  7:14  Medivac  
  97  7:20  SCV x3  
  100  7:24  Marine  
  100  7:25  Refinery x2, Marine x2  
  100  7:26  Supply Depot x2  
  100  7:27  Marine  
  101  7:41  Supply Depot  
  101  7:43  Supply Depot, Missile Turret  
  101  7:44  Missile Turret  
  101  7:47  Marine x2, SCV x2, Medivac x2  
  101  7:48  Marine x2, SCV  
  112  7:51  Marine x5  
  112  7:56  Siege Tank  
  117  8:02  SCV x3  
  117  8:05  Marine x2  
  119  8:06  Marine x2  
  119  8:07  Supply Depot  
  119  8:09  Marine x4  
  119  8:10  Supply Depot  
  125  8:13  Terran Infantry Weapons Level 2  
  125  8:15  Terran Infantry Armor Level 2  
  125  8:23  Marine x4  
  129  8:28  Siege Tank  
  129  8:30  SCV x3  
  129  8:32  Supply Depot, Marine x2  
  122  8:51  Marine x4  
  122  8:52  Marine x5  
  117  9:00  SCV x2  
  117  9:01  Factory, Command Center, SCV  
  111  9:09  Marine x7, Widow Mine, Drilling Claws  
  117  9:15  Marine x2  
  122  9:27  Marine x4  
  122  9:28  Marine x3, Medivac  
  122  9:29  Medivac  
  122  9:31  Terran Vehicle And Ship Armor Level 1  
  132  9:33  Supply Depot, Marine  
  132  9:34  Supply Depot  
  132  9:43  Marine  
  132  9:45  Marine x3, Widow Mine x2  
  128  9:52  SCV x2  
  131  9:53  SCV  
  132  10:06  Marine x4  
  138  10:07  Marauder  
  138  10:08  Barracks  
  138  10:09  Barracks x2  
  138  10:10  Factory Reactor  
  138  10:11  Widow Mine  
  135  10:24  SCV x3  
  135  10:28  Sensor Tower, Marauder  
  140  10:30  Marine x5  
  140  10:31  Marine  
  140  10:38  Sensor Tower  
  139  10:45  Planetary Fortress  
  139  10:46  SCV x3  
  144  10:50  Marauder  
  144  10:51  Marine x8  
  144  10:52  Widow Mine x2  
  144  10:53  Widow Mine  
  160  11:11  Marauder  
  160  11:12  Barracks Tech Lab x3  
  138  11:28  Marine x2  
  138  11:32  Marauder x3, Marine x4  
  148  11:33  Widow Mine x3  
  148  11:35  Concussive Shells  
  148  11:36  Medivac  
  148  11:37  Medivac  
  156  11:43  Marine x2  
  156  11:44  Marauder  
  160  11:49  Factory, Barracks  
  160  11:51  Barracks  
  160  11:53  Marauder  
  162  11:56  Marauder  
  162  11:57  Marauder  
  166  12:05  Marauder  
  166  12:08  Marine x4  
  145  12:15  Marauder, Marine x3  
  149  12:17  Marauder, Widow Mine  
  149  12:18  Marauder  
  149  12:21  Medivac  
  149  12:22  Medivac  
  159  12:23  Widow Mine  
  159  12:25  Orbital Command  
  159  12:27  Marauder  
  160  12:33  Widow Mine x2  
  160  12:36  Marauder, Barracks Tech Lab  
  161  12:39  Marauder, Widow Mine  
  149  12:50  Marauder x2, Barracks Tech Lab  
  153  12:52  Widow Mine  
  155  13:00  Command Center  
  155  13:03  Supply Depot x2  
  155  13:04  Supply Depot x2  
Tags
 
Add a new tag
Caveats
  • Supply blocks, unpowered buildings, or Contaminate may cause inaccurate times.
  • Supply counts are checked every 10 seconds.